 Dungeon Crawl Stone Soup version 0.29.1-12-g30fa7ad0bf (webtiles) character file.

Game seed: 5493531645373065727

79 wormed the Shooter (level 3, -7/29 HPs)
             Began as a Demigod Hunter on Dec 28, 2022.
             Killed by an exploding hobgoblin (27 damage)
             ... ignited by their inner flame
             ... on level 3 of the Dungeon.
             The game lasted 00:03:39 (2205 turns).

wormed the Shooter (Demigod Hunter)                 Turns: 2205, Time: 00:03:40

Health: -7/29      AC:  3    Str: 12    XL:     3   Next: 95%
Magic:  5/5        EV: 12    Int: 11    God:
Gold:   41         SH:  0    Dex: 21    Spells: 2/2 levels left

rFire   . . .      SeeInvis .   a - +0 shortbow
rCold   . . .      Faith    .   (shield currently unavailable)
rNeg    . . .      Spirit   .   c - +0 leather armour
rPois   .          Reflect  .   (no helmet)
rElec   .          Harm     .   (no cloak)
rCorr   .          Rampage  .   (no gloves)
Will    .....                   (no boots)
Stlth   ++........              (no amulet)
HPRegen 0.09/turn               (no ring)
MPRegen 0.09/turn               (no ring)

@: no status effects
A: high MP 1, forlorn, divine attributes
a: no special abilities


You were on level 3 of the Dungeon.
You visited 1 branch of the dungeon, and saw 3 of its levels.

You collected 41 gold pieces.

Inventory:

Hand Weapons
 a - a +0 shortbow (weapon)
Armour
 c - a +0 leather armour (worn)
Scrolls
 e - a scroll of fear {unknown}
 f - 3 scrolls of identify {unknown}


   Skills:
 + Level 2.2 Fighting
 * Level 4.2 Ranged Weapons
 + Level 1.2 Armour
 + Level 2.2 Dodging
 + Level 1.6 Stealth


You had 2 spell levels left.
You didn't know any spells.
Your spell library contained the following spells:

 Spells                   Type           Power      Damage    Failure   Level
 Gell's Gravitas          Tloc           0%         N/A       80%         3
 Lesser Beckoning         Tloc           0%         N/A       80%         3
 Teleport Other           Tloc           0%         N/A       80%         3


Dungeon Overview and Level Annotations

Branches:
Dungeon (3/15)

Shops:
D:3 ?

Annotations:
D:3 Robin, Terence


Innate Abilities, Weirdness & Mutations

You have an increased reservoir of magic. (+10% MP)
You shall have no god before yourself.
Your divine heritage dramatically boosts your attributes as you level up.


Message History

The arrow completely misses the hobgoblin.
The arrow misses the goblin.
The arrow closely misses the goblin.
Robin shouts!
The arrow hits the goblin!
You kill the goblin!
The hobgoblin barely misses you.
You shoot an arrow. The arrow hits the hobgoblin.
The hobgoblin is lightly wounded.
The hobgoblin hits you. x2
You shoot an arrow.
The arrow hits the hobgoblin but does no damage.
The hobgoblin is lightly wounded.
Robin throws the goblin at you! The goblin barely misses you.
The hobgoblin hits you.
You shoot an arrow. The arrow closely misses the hobgoblin.
The arrow hits the goblin.
The goblin is severely wounded.
The goblin hits you with a +0 dagger. The hobgoblin barely misses you.
You shoot an arrow. The arrow closely misses the hobgoblin.
The arrow hits the goblin.
You kill the goblin!
The goblin hits you but does no damage. The hobgoblin closely misses you.
The goblin hits you with a +0 dagger.
A jelly comes into view.
The hobgoblin completely misses you.
Robin roars a battlecry!
The goblins go into a battle-frenzy!
As you read the scroll of immolation, it crumbles to dust.
The creatures around you are filled with an inner flame!
The hobgoblin barely misses you. The goblin misses you.
You shoot an arrow. The arrow hits the hobgoblin.
Flame seeps out of the hobgoblin.
The hobgoblin is moderately wounded.
The goblin hits you but does no damage.
The hobgoblin is engulfed in blazing flames.
The hobgoblin explodes!
The fiery explosion engulfs the goblin!!!
The fiery explosion engulfs you!!
Ouch! That really hurt!
You die...

... #)# #J#
.g# #g##.#
#§##.# #○##.#
#@##.# #g##.#
#
#.##.#######.#
#.#⌠.⌠.......#
#...∩.....#
##.⌠.⌠###.#
#...## #.#
##### #.#
###### #.#


You could see a jelly (inner flame), Robin (inner flame), a hobgoblin (inner
flame, strong) and a goblin (inner flame, strong).

Vanquished Creatures
  A gnoll (D:1)
  2 adders (D:2)
  2 dart slugs
  4 ball pythons
  3 endoplasms (D:2)
  2 giant cockroaches
  8 goblins
  8 hobgoblins
  A quokka (D:2)
  6 bats
  6 kobolds
  5 rats (D:1)
48 creatures vanquished.

Vanquished Creatures (others)
  5 plants (D:3)
5 creatures vanquished.

Grand Total: 53 creatures vanquished

Notes
Turn   | Place    | Note
-------+----------+-------------------------------------------
     0 | D:1      | wormed the Demigod Hunter began the quest for the Orb.
     0 | D:1      | Reached XP level 1. HP: 17/17 MP: 3/3
   108 | D:1      | Reached skill level 1 in Stealth
   108 | D:1      | Reached XP level 2. HP: 20/24 MP: 4/4
   618 | D:1      | Reached skill level 4 in Ranged Weapons
   652 | D:1      | Reached XP level 3. HP: 29/29 MP: 5/5
   913 | D:2      | Reached skill level 1 in Armour
  1574 | D:3      | Noticed Terence
  1586 | D:3      | HP: 1/29 [Terence/+0 falchion (5)]
  2174 | D:3      | Found Qerumijut's Magic Scroll Shop.
  2198 | D:3      | Noticed Robin
  2205 | D:3      | Killed by an exploding hobgoblin... ignited by their inner
                  | flame

Illustrated notes

Levels and vault maps discovered:
D:1:      dpeg_arrival_pond, layout_basic, minmay_misc_feat_more_columns,
          chequers_garden
D:2:      layout_rooms, basic_altar, ebering_ecumenical_altar_webs
D:3:      layout_basic, serial_shops, shop_fountains, serial_bayou_crossing,
          uniq_robin, uniq_terence

Skill      XL: |  1  2  3 |
---------------+----------+-----
Stealth        | 1 |  1.6
Dodging        | 2 |  2.2
Fighting       | 2 |  2.2
Ranged Weapons | 4 |  4.2
Armour         | 1 |  1.2

Action                   || total
-------------------------++-------
 Fire: Shortbow          ||   140
  Use: Potion            ||     3
       Scroll            ||     2
Armor: Leather armour    ||    18
Dodge: Dodged            ||    58
